AoeStats
← Granas

Arabia

505419415Analyzed
3v3 RM · 23d ago on Sep 9, 2026· 33m 10s· 6 players
Game mode
Random Map
Map size
Normal (6 player)
Population
200
Speed
Normal
Resources
Standard
Victory
Conquest
Starting age
Dark Age
Ending age
Imperial Age
RankedLock teamsTeams togetherTeam positionsShared explorationLock speedFull tech treeHidden civsTurbo modeCheats
Victory
Defeat
🇦🇺 Mongols · Australia
1233
+12
🇦🇺 Ethiopians · Australia
1168
+15
🇦🇺 Persians · Australia
1027
+22
🇳🇱 Britons · Netherlands
1249
-20
🇧🇪 Ethiopians · Belgium
1206
-19
🇩🇪 Franks · Germany
984
-22
TrenchCoat_Trent
4:56 Loom
10:22 Feudal Age
15:12 Castle Age
14:05 Stone Mining
16:18 Double-Bit Axe
18:56 Fletching
21:17 Padded Archer Armor
22:29 Bodkin Arrow
29:11 Wheelbarrow
32:24 Leather Archer Armor
Big Red
9:02 Loom
11:17 Feudal Age
14:56 Wheelbarrow
14:14 Fletching
15:21 Padded Archer Armor
24:58 Castle Age
23:23 Double-Bit Axe
23:19 Horse Collar
23:34 Town Watch
26:05 Bow Saw
25:29 Crossbowman
26:06 Bodkin Arrow
28:48 Thumb Ring
29:47 Leather Archer Armor
31:17 Ballistics
33:54 Wheelbarrow
silver_staples
11:23 Feudal Age
11:47 Double-Bit Axe
14:17 Horse Collar
15:54 Loom
19:52 Castle Age
18:24 Scale Barding Armor
19:34 Forging
19:44 Town Watch
20:02 Gold Mining
20:50 Bow Saw
21:57 Bloodlines
23:21 Wheelbarrow
24:53 Stone Mining
25:38 Husbandry
26:44 Chain Barding Armor
30:42 Hand Cart
RoboticPro
7:29 Loom
10:24 Feudal Age
11:49 Double-Bit Axe
13:29 Horse Collar
20:00 Castle Age
19:17 Fletching
19:28 Padded Archer Armor
20:29 Fletching
20:16 Elite Skirmisher
21:48 Bodkin Arrow
22:09 Bow Saw
23:02 Heavy Plow
25:52 Stone Mining
29:44 Leather Archer Armor
30:37 Ballistics
31:43 Treadmill Crane
LanaAio
7:34 Loom
7:38 Loom
10:33 Feudal Age
11:38 Double-Bit Axe
16:01 Fletching
22:02 Castle Age
21:10 Gold Mining
21:45 Padded Archer Armor
22:09 Crossbowman
22:50 Bodkin Arrow
30:23 Elite Skirmisher
33:25 Wheelbarrow
Granas
6:49 Loom
9:59 Feudal Age
17:57 Wheelbarrow
19:33 Gold Mining
19:31 Double-Bit Axe
23:11 Castle Age
22:25 Forging
22:20 Scale Barding Armor
22:51 Scale Barding Armor
23:19 Light Cavalry
23:59 Husbandry
24:50 Gold Shaft Mining
29:39 Iron Casting
29:24 Chain Barding Armor
Connection lost

Rejoining the realm…

Still unreachable

The connection could not be restored.

Session expired

The server has moved on; the page needs a fresh start.